Map: Cerulean Fall LE

Players

foxy

  • Race: Protoss Protoss
  • League: Silver
  • Spawn Location: 1:00

DarkTemplar - Winner!

  • Race: Protoss Protoss
  • League: Silver
  • Spawn Location: 7:00

VOD

Have the link to the VOD?

Description

Time

  • Played on: Aug. 17, 2018, 7:01 p.m.
  • Length: 6:57
Show
View Real Time Build Order
Export as new Build Order

foxy Protoss 

Build Orders: Double Forge, Oracle Opening 

Get SALT Encoding   

  12  0:02  Probe  
  13  0:15  Probe  
  14  0:26  Pylon  
  14  0:27  Probe  
  15  0:50  Gateway  
  15  0:55  Probe  
  16  0:59  Pylon  
  16  1:02  Assimilator  
  16  1:09  Probe  
  17  1:21  Probe  
  18  1:33  Probe  
  19  1:45  Probe  
  19  1:46  Zealot  
  22  1:49  Cybernetics Core  
  22  1:57  Probe  
  23  2:05  Nexus  
  23  2:07  Warp Gate  
  23  2:09  Probe  
  24  2:19  Assimilator  
  24  2:21  Probe  
  25  2:34  Probe  
  26  2:46  Probe  
  26  2:50  Stargate  
  27  2:57  Stalker  
  27  2:58  Probe  
  30  3:09  Pylon  
  30  3:10  Probe  
  31  3:16  Pylon  
  31  3:18  Probe  
  32  3:22  Probe  
  33  3:28  Sentry  
  33  3:30  Probe  
  36  3:34  Probe  
  37  3:42  Probe, Oracle  
  37  3:48  Probe  
  42  3:54  Probe  
  42  3:55  Assimilator  
  43  4:00  Probe  
  44  4:06  Probe  
  44  4:08  Gateway  
  45  4:10  Gateway  
  45  4:12  Gateway  
  45  4:14  Twilight Council  
  45  4:23  Pylon  
  45  4:24  Assimilator  
  45  4:29  Probe x2  
  47  4:41  Probe x2  
  47  4:44  Zealot  
  51  4:45  Forge  
  51  4:48  Forge  
  51  4:53  Probe, Charge  
  49  5:21  Probe x2  
  51  5:33  Probe  
  51  5:35  Probe  
  53  5:39  Templar Archives, Robotics Facility x2  
  53  5:42  Zealot  
  55  5:43  Zealot  
  55  5:44  Pylon  
  55  5:45  Probe  
  55  5:47  Probe  
  59  5:55  Stalker x2  
  63  5:57  Probe  
  63  5:59  Probe  
  65  6:24  Pylon  
  63  6:27  Pylon  
  63  6:32  Pylon  
  65  6:35  Pylon  
  65  6:38  Nexus  
Show
View Real Time Build Order
Export as new Build Order

DarkTemplar Protoss - Winner!

Build Orders:  

Get SALT Encoding   

  12  0:01  Probe  
  13  0:13  Probe  
  14  0:23  Pylon  
  14  0:26  Probe  
  15  0:41  Probe  
  16  0:46  Gateway  
  16  0:51  Assimilator  
  16  0:53  Probe  
  17  1:05  Probe  
  18  1:17  Probe  
  19  1:29  Probe  
  19  1:32  Pylon  
  19  1:36  Cybernetics Core  
  19  1:43  Probe  
  20  1:48  Assimilator  
  20  1:53  Warp Gate  
  20  1:55  Zealot  
  22  2:06  Nexus  
  22  2:08  Probe  
  23  2:20  Probe  
  24  2:24  Zealot  
  26  2:37  Probe  
  26  2:39  Gateway  
  27  2:48  Probe  
  28  2:54  Robotics Facility  
  28  3:00  Probe  
  28  3:04  Stalker  
  31  3:16  Pylon  
  31  3:19  Probe x2  
  33  3:28  Stalker  
  33  3:31  Probe  
  33  3:32  Probe  
  37  3:43  Probe  
  37  3:44  Probe  
  37  3:46  Immortal  
  43  4:05  Forge  
  43  4:07  Pylon  
  43  4:08  Probe x2  
  45  4:16  Probe  
  45  4:19  Pylon  
  46  4:26  Probe, Observer, Stalker  
  46  4:28  Zealot  
  46  4:30  Probe  
  53  4:36  Assimilator, Probe  
  53  4:38  Assimilator, Protoss Ground Weapons Level 1  
  54  4:42  Probe  
  55  4:46  Warp Prism  
  55  4:50  Probe  
  55  4:58  Stalker  
  52  5:10  Stalker  
  52  5:24  Probe x2  
  54  5:46  Probe x2  
  60  5:57  Immortal  
  60  5:58  Probe x2  
  62  6:10  Probe x2  
  62  6:11  Zealot x2  
  68  6:46  Zealot  
Tags
 
Add a new tag
Caveats
  • Supply blocks, unpowered buildings, or Contaminate may cause inaccurate times.
  • Supply counts are checked every 10 seconds.